 Dungeon Sprint DCSS version 0.29.1-2-gbd0b4ee654 (webtiles) character file.

Game seed: 9326487838496921427

107 boopmooplesden the Slasher (level 4, 0/72 HPs)
             Began as a Minotaur Berserker on Nov 25, 2022.
             Was a Follower of Trog.
             Slain by Sigmund
             ... wielding a +3 scythe of protection
              (2 damage)
             ... in the Dungeon (Sprint I: "Red Sonja").
             The game lasted 00:00:30 (186 turns).

boopmooplesden the Slasher (Minotaur Berserker)      Turns: 186, Time: 00:00:30

Health: 0/72       AC:  5    Str: 22    XL:     4   Next: 57%
Magic:  3/3        EV: 12    Int:  4    God:    Trog [*.....]
Gold:   0          SH:  0    Dex: 11    Spells: 3/3 levels left

rFire   + . .      SeeInvis .   j - +5 club
rCold   . . .      Faith    .   (no shield)
rNeg    . . .      Spirit   .   k - +2 leather armour {rF+}
rPois   .          Reflect  .   (helmet restricted)
rElec   .          Harm     .   (no cloak)
rCorr   .          Rampage  .   (no gloves)
Will    .....      NoTele   +   (no boots)
Stlth   ..........              (no amulet)
HPRegen 0.22/turn               (no ring)
MPRegen 0.08/turn               (no ring)

@: berserking, very quick
A: horns 2, retaliatory headbutt
a: Renounce Religion, Berserk


You were in the Dungeon.
You worshipped Trog.
Trog was aware of your devotion.
You visited 1 branch

Inventory:

Hand Weapons
 a - a +0 falchion
 j - a +5 club (weapon)
Armour
 b - a +0 animal skin
 k - a +2 leather armour of fire resistance (worn)
Wands
 i - a wand of mindburst (14)
Scrolls
 h - a scroll of blinking
Potions
 c - a potion of curing
 d - a potion of heal wounds
 e - a potion of haste
 f - 2 potions of magic
 g - a potion of berserk rage


   Skills:
 + Level 7.7 Fighting
 + Level 7.7 Long Blades
 + Level 1.1 Maces & Flails
 + Level 4.2 Armour
 + Level 3.8 Dodging


You had 3 spell levels left.
You didn't know any spells.
Your spell library was empty.

Dungeon Overview and Level Annotations

Branches:
Dungeon (1/1)

Altars:

Annotations:
D Sigmund


Innate Abilities, Weirdness & Mutations

You have a pair of horns on your head.
You reflexively headbutt those who attack you in melee.


Message History

You feel yourself speed up.
You start waiting.
You recover from your berserk rage.
You open the door.
Sigmund the Dreaded comes into view.
He is wielding a +3 scythe of protection and wearing a +2 robe of willpower.
Sigmund shouts!
Sigmund hits you from afar with a +3 scythe of protection!
There is an open door here.
You barely miss Sigmund. Sigmund casts a spell at you.
You are confused.
Sigmund closely misses you.
You miss Sigmund. You barely miss Sigmund. Your headbutt misses Sigmund.
Sigmund hits you with a +3 scythe of protection!
You miss Sigmund. Sigmund hits you but does no damage.
You bump into the stone wall.
Sigmund casts a spell.
Sigmund flickers and vanishes!
Deactivating autopickup; reactivate with Ctrl-A.
You feel less confused. Something hits you.
You thump something!
You hear some strange, mumbled words.
A magic dart appears from out of thin air!
The magic dart hits you.
You barely miss something.
You hear some strange, mumbled words.
A magic dart appears from out of thin air!
The magic dart hits you!
You barely miss something. Your headbutt misses something. Something hits you!
* * * LOW HITPOINT WARNING * * *
You miss something. You headbutt something. Something hits you.
* * * LOW HITPOINT WARNING * * *
A red film seems to cover your vision as you go berserk!
You feel yourself moving faster!
You feel mighty!
You closely miss something. Something hits you.
* * * LOW HITPOINT WARNING * * *
You miss something. Your headbutt misses something. Something hits you.
You die...

#############
#<.#..').#.{+
#..'..#..'.@#
#..#####+####
#..# #..#
#..# #⌠⌠#
####


There were no monsters in sight!

Vanquished Creatures
  An ogre (D)
  Ijyb (D)
2 creatures vanquished.

Notes
Turn   | Place    | Note
-------+----------+-------------------------------------------
     0 | D        | boopmooplesden the Minotaur Berserker began the quest for
                  | the Orb.
     0 | D        | Reached XP level 1. HP: 19/19 MP: 0/0
     1 | D        | Noticed Ijyb
     6 | D        | Killed Ijyb
     7 | D        | Reached skill level 5 in Fighting
     7 | D        | Reached skill level 5 in Long Blades
     7 | D        | Reached XP level 2. HP: 26/29 MP: 1/1
   130 | D        | Noticed an ogre
   132 | D        | Killed an ogre
   133 | D        | Reached skill level 1 in Maces & Flails
   133 | D        | Reached XP level 3. HP: 40/40 MP: 2/2
   133 | D        | Reached XP level 4. HP: 48/48 MP: 3/3
   172 | D        | Noticed Sigmund
   185 | D        | HP: 2/72 [something (4)]
   186 | D        | Slain by Sigmund

Illustrated notes

Levels and vault maps discovered:
D:        dungeon_sprint_1 [red_sonja_temple_1, red_sonja_temple_small_1]

Skill      XL: |  1  2 |
---------------+-------+-----
Fighting       | 5 7 |  7.7
Long Blades    | 5 7 |  7.7
Armour         | 3 4 |  4.2
Dodging        | 3 |  3.8
Maces & Flails | 1 |  1.1

Action                   |  1- 3 |  4- 6 || total
-------------------------+-------+-------++-------
Melee: Falchion          |     4 |       ||     4
       Headbutt          |     2 |     1 ||     3
       Club              |     2 |    10 ||    12
Invok: Berserk           |     2 |     1 ||     3
Armor: Leather armour    |       |     1 ||     1
Dodge: Dodged            |       |     1 ||     1
